 Dungeon Crawl Stone Soup version 0.20.1-1-g8b1a95d (webtiles) character file.

67 QuCean the Covered (level 4, -3/40 HPs)
             Began as a Minotaur Fighter on Oct 11, 2017.
             Was an Initiate of Makhleb.
             Slain by Menkaure (17 damage)
             ... on level 4 of the Dungeon.
             The game lasted 00:06:02 (1608 turns).

QuCean the Covered (Minotaur Fighter)               Turns: 1608, Time: 00:06:03

Health: -3/40      AC: 12    Str: 21    XL:     4   Next: 0%
Magic:  3/3        EV:  4    Int:  5    God:    Makhleb [......]
Gold:   153        SH:  9    Dex: 10    Spells: 3/3 levels left

rFire    . . .     SeeInvis .   a - +0 war axe
rCold    . . .     Gourm    .   c - +0 shield
rNeg     . . .     Faith    .   g - +0 plate armour
rPois    .         Spirit   .   (helmet restricted)
rElec    .         Reflect  .   (no cloak)
rCorr    .         Harm     .   (no gloves)
MR       .....                  (no boots)
Stlth    ..........             (no amulet)
Regen    0.2/turn               (no ring)
MPRegen  0.1/turn               (no ring)

@: no status effects
A: retaliatory headbutt, horns 2
a: Renounce Religion


You were on level 4 of the Dungeon.
You worshipped Makhleb.
Makhleb was noncommittal.
You were not hungry.

You visited 1 branch of the dungeon, and saw 3 of its levels.

You collected 153 gold pieces.

Inventory:

Hand Weapons
 a - a +0 war axe (weapon)
Armour
 b - a +0 scale mail
 c - a +0 shield (worn)
 g - a +0 plate armour (worn)
Scrolls
 k - a scroll of enchant weapon {unknown}
 l - a scroll of fear {unknown}
 n - 3 scrolls of remove curse {unknown}
 o - a scroll of identify {unknown}
 p - a scroll of blinking {unknown}
Potions
 d - a potion of might
 e - 2 potions of agility {unknown}
 h - 2 potions of cancellation {unknown}
 i - a potion of magic {unknown}
 j - a potion of flight {unknown}
 m - a potion of curing {unknown}
Comestibles
 f - 2 bread rations


   Skills:
 + Level 4.0 Fighting
 + Level 3.5 Axes
 + Level 4.4 Armour
 + Level 4.2 Shields


You had 3 spell levels left.
You didn't know any spells.

Dungeon Overview and Level Annotations

Branches:
Dungeon (2/15)

Altars:
Makhleb

Annotations:
D:4 Menkaure


Innate Abilities, Weirdness & Mutations

You reflexively headbutt those who attack you in melee.
You have a pair of horns on your head.


Message History

The shaft crumbles and collapses.
Found 18 stones.
Menkaure, Prince of Dust comes into view.
Menkaure shouts!
Found 10 gold pieces.
Menkaure gestures wildly while chanting.
Menkaure seems to speed up.
Menkaure hits you but does no damage.
Your shield and plate armour prevent you from hitting Menkaure.
Menkaure hits you. Menkaure hits you!
A giant cockroach comes into view.
You hit Menkaure.
Menkaure is lightly damaged.
You block Menkaure's attack.
Menkaure calls on the powers of darkness!
Your body is wracked with pain!
The giant cockroach convulses!
You hit Menkaure but do no damage.
Menkaure is lightly damaged.
Menkaure hits you!
You die...

#.# #.## #.##...##
########.#.....#
#.............#
#.######.###....
#.# #.# #.### #
#.######.###.###.#
#................#
#@....###.#...####
#M###.###......##
#.. ...........#
..s.#.##.........#
.$... +...(.....+
##...#.
#.........#
##..#.###.......##
... # ##.....##
##...##


You could see Menkaure and a giant cockroach.

Vanquished Creatures
  3 adders (D:2)
  2 worms (D:2)
  3 dart slugs (D:1)
  A ball python (D:2)
  A giant cockroach (D:1)
  5 goblins
  4 hobgoblins
  5 kobolds
  A bat (D:1)
  2 frilled lizards (D:2)
  3 rats
30 creatures vanquished.

Notes
Turn   | Place    | Note
-------+----------+-------------------------------------------
     0 | D:1      | QuCean the Minotaur Fighter began the quest for the Orb.
     0 | D:1      | Reached XP level 1. HP: 19/19 MP: 0/0
   349 | D:1      | Reached XP level 2. HP: 23/27 MP: 1/1
  1074 | D:2      | Found a burning altar of Makhleb.
  1096 | D:2      | Reached XP level 3. HP: 29/33 MP: 2/2
  1118 | D:2      | Became a worshipper of Makhleb the Destroyer
  1476 | D:2      | Reached XP level 4. HP: 33/40 MP: 3/3
  1580 | D:2      | You fall through a shaft for 2 floors!
  1601 | D:4      | Noticed Menkaure
  1608 | D:4      | Slain by Menkaure

Skill      XL: |  1  2  3 |
---------------+----------+-----
Shields        | 4 |  4.2
Armour         | 4 |  4.4
Axes           | 3 |  3.5
Fighting       | 4 |  4.0

Action                   |  1- 3 |  4- 6 || total
-------------------------+-------+-------++-------
Melee: War axe           |    64 |     3 ||    67
       Headbutt          |     9 |       ||     9
  Eat: Royal jelly       |     1 |       ||     1
Armor: Scale mail        |    14 |       ||    14
       Plate armour      |    15 |     1 ||    16
Dodge: Dodged            |    16 |       ||    16
Block: Shield            |    34 |     1 ||    35
